 Dungeon Crawl Stone Soup version 0.31-a0-1093-gadecf4124d (webtiles) character file.

Game seed: 9321978565185352730

20673 Bnni the Impaler (level 13, -22/109 HPs)
             Began as a Formicid Fighter on Nov 29, 2023.
             Was an Initiate of Yredelemnul.
             Annihilated by Rupert
             ... wielding a +0 great mace of holy wrath
              (42 damage)
             ... on level 13 of the Dungeon.
             The game lasted 00:29:28 (11040 turns).

Bnni the Impaler (Formicid Fighter)                Turns: 11040, Time: 00:29:28

Health: -22/109    AC: 14    Str: 32    XL:     13   Next: 14%
Magic:  20/20      EV:  9    Int:  8    God:    Yredelemnul [......]
Gold:   908        SH:  5    Dex: 13    Spells: 12/12 levels left

rFire   + . .        z - +0 halberd
rCold   + . .        c - +0 buckler
rNeg    . . .        b - +2 chain mail {rF+}
rPois   .            (helmet unavailable)
rElec   +            g - +0 cloak
rCorr   .            S - +0 pair of gloves
SInv    +            q - +0 pair of boots
Will    +....        C - amulet "Bohawki" {rElec Regen+} Stlth
                     B - ring of protection from cold
HPRegen 1.18/turn    I - +6 ring of strength
MPRegen 0.17/turn

%: no passive effects
@: studying Dodging
A: permanent stasis, dig shafts and tunnels, antennae 3, four strong arms
a: Dig, Shaft Self, Renounce Religion, Recall Undead Harvest


You were on level 13 of the Dungeon.
You worshipped Yredelemnul.
Yredelemnul was aware of your devotion.
You visited 2 branches of the dungeon, and saw 14 of its levels.

You collected 908 gold pieces.

Inventory:

Hand Weapons
 l - a +0 glaive
 o - a +0 bardiche
 z - a +0 halberd (weapon)
 T - a +3 dagger of venom
 V - a +0 battleaxe
Missiles
 n - 5 boomerangs (quivered)
 s - 5 javelins
 y - 27 poisoned darts
 O - a throwing net
Armour
 b - a +2 chain mail of fire resistance (worn)
 c - a +0 buckler (worn)
 g - a +0 cloak (worn)
 q - a +0 pair of boots (worn)
 N - a +2 ring mail of cold resistance
 S - a +0 pair of gloves (worn)
Jewellery
 B - a ring of protection from cold (left hand)
 C - the amulet "Bohawki" (around neck) {rElec Regen+}
   (You found it on level 6 of the Dungeon)

   [amulet of regeneration]

   rElec:     It insulates you from electricity.
   Regen+:    It increases your rate of health regeneration.
 I - a +6 ring of strength (right hand)
 U - a ring of ice
Wands
 m - a wand of iceblast (7)
 p - a wand of flame (44)
 A - a wand of quicksilver (9)
 E - a wand of paralysis (14)
 L - a wand of digging (4)
Scrolls
 e - 2 scrolls of silence
 h - a scroll of fog
 k - a scroll of torment {unknown}
 r - a scroll of enchant weapon {unknown}
 t - 2 scrolls of immolation
 v - 6 scrolls of amnesia {unknown}
 w - 2 scrolls of poison {unknown}
 x - 4 scrolls of enchant armour {unknown}
 D - a scroll of blinking {unknown}
 F - a scroll of fear {unknown}
 K - 3 scrolls of vulnerability {unknown}
 P - 2 scrolls of revelation {unknown}
Potions
 a - 3 potions of invisibility {unknown}
 d - 3 potions of lignification
 f - a potion of attraction
 i - a potion of enlightenment
 u - 8 potions of curing
 G - 3 potions of mutation {unknown}
 H - a potion of resistance {unknown}
 J - a potion of might
 Q - a potion of degeneration {unknown}
Miscellaneous
 M - a phantom mirror (inert)


   Skills:
 + Level 12.6 Fighting
 * Level 15.5 Polearms
 - Level 3.2 Armour
 - Level 4.0 Shields
 + Level 10.2 Invocations


You had 12 spell levels left.
You didn't know any spells.
Your spell library contained the following spells:

 Spells                   Type           Power      Damage    Failure   Level
 Apportation              Tloc           0%         N/A       88%         1
 Necrotise                Necr           0%         1d4       88%         1
 Summon Small Mammal      Summ           0%         N/A       88%         1
 Iskenderun's Battlesphe  Conj           0%         2d6       100%        5
 Bombard                  Conj/Erth      0%         9d1       100%        6
 Spellforged Servitor     Conj/Summ      0%         N/A       100%        7


Dungeon Overview and Level Annotations

Branches:
Dungeon (13/15)            Temple (1/1) D:7            Lair (0/5) D:9
    Orc (0/2) D:11         Vaults (0/5) D:13

Altars:
Ashenzari
Cheibriados
Dithmenos
Elyvilon
Fedhas
Gozag
Hepliaklqana
Kikubaaqudgha
Makhleb
Nemelex Xobeh
Okawaru
Qazlal
Ru
Sif Muna
Trog
Uskayaw
Vehumet
Wu Jian
Xom
Yredelemnul
Zin
The Shining One
Ignis

Shops:
D:10 (

Annotations:
D:13 Rupert


Innate Abilities, Weirdness & Mutations

You cannot be hasted, slowed, berserked, paralysed or teleported.
You can dig through walls and to a lower floor.
You have a pair of large antennae on your head. (SInv)
Your four strong arms can wield two-handed weapons with a shield.


Message History

g - Guard the area. f - Follow me.
Anything else - Cancel.
Gang up on whom?
Press: ? - help, Dir - move target, f - Rupert
Aim: Rupert, wielding a +0 great mace of holy wrath and wearing a +0 ring mail (severely wounded, berserk, not watching you, poisoned, lightly drained) Attack!
The +4 long sword hits you.
Rupert hits your bound cyclops with a +0 great mace of holy wrath!!
Your bound cyclops is destroyed!
The +4 long sword hits you.
The komodo dragon bites you but does no damage.
Unknown command.
Aiming: Quicksilver Bolt
Press: ? - help, Shift-Dir - straight line, f/p - Rupert
Aim: Rupert, wielding a +0 great mace of holy wrath and wearing a +0 ring mail (severely wounded, berserk, unaware, poisoned, lightly drained, hasn't noticed you, 75% to hit)
The bolt of dispelling energy hits Rupert!
Rupert is severely wounded.
You block Rupert's attack. You block the +4 long sword's attack.
The komodo dragon bites you!!
* * * LOW HITPOINT WARNING * * *
Unknown command.
Unknown command.
Okay, then.
You feel much better.
The +4 long sword hits you but does no damage.
Rupert closely misses you. The +4 long sword hits you!
Rupert hits you but does no damage. The komodo dragon bites you!
* * * LOW HITPOINT WARNING * * *
Unknown command.
You impale Rupert!!
Rupert is almost dead.
You block the +4 long sword's attack.
Rupert hits you with a +0 great mace of holy wrath!!
* * * LOW HITPOINT WARNING * * *
Unknown command.
You feel much better. The +4 long sword hits you.
* * * LOW HITPOINT WARNING * * *
Rupert hits you with a +0 great mace of holy wrath!!!
You die...
Rupert roars with triumph.
Your body rises from the dead as a mindless zombie.

... #. ...### #.(.
#∩ ......
#...##.##...... .
#....#.#.......
..##.(..((.....
.............#####
......(l...#...#
#....@@.......
#..#.#.(...#####
#..#.)......#
#...........#
#...........#
#.......#####.
#.............
#..#....#....
#..#....#####


You could see Rupert (berserk, poisoned, drained), a komodo dragon and a +4 long
sword.

Vanquished Creatures
  A vault guard (D:13)
  2 two-headed ogres (D:10)
  A skeletal warrior (D:12)
  Pikel (D:5)
  3 ugly things
  A cyclops (D:12)
  3 rust devils (D:11)
  2 gargoyles
  Maggie (D:8)
  2 kobold demonologists
  3 trolls
  A hellwing (D:11)
  A shadow (D:11)
  9 yaks
  A wraith (D:9)
  A wyvern (D:9)
  Eustachio (D:4)
  A neqoxec (D:11)
  2 vampire mosquitoes (D:10)
  A steam dragon (D:8)
  2 wargs (D:9)
  An acid dragon (D:11)
  2 water moccasins (D:7)
  9 orc warriors
  An ice beast (D:6)
  4 ogres
  8 centaurs
  A phantom (D:6)
  3 kobold brigands (D:11)
  Blork the orc (D:6)
  4 bullfrogs
  A scorpion (D:4)
  8 wights
  5 howler monkeys
  3 jellies
  2 gnoll boudas
  2 hounds
  4 orc priests
  Ijyb (D:5)
  A sleepcap (D:6)
  2 iguanas
  12 orc wizards
  Terence (D:3)
  12 gnolls
  8 adders
  A shadow imp (D:5)
  2 white imps
  4 ufetubi (D:6)
  4 dart slugs
  35 orcs
  7 endoplasms
  3 giant cockroaches
  4 goblins
  12 hobgoblins
  12 jackals
  10 kobolds
  3 quokkas (D:3)
  2 training dummies (D:10)
  4 ball pythons
  4 bats
  3 frilled lizards
  7 rats
253 creatures vanquished.

Vanquished Creatures (collateral kills)
  Fannar (D:12)
  2 two-headed ogres (D:11)
  Sonja (D:11)
  2 skeletal warriors (D:12)
  Maurice (D:12)
  An ice statue (D:9)
  A kobold demonologist (D:11)
  A troll (D:9)
  5 yaks
  A neqoxec (D:11)
  A warg (D:9)
  2 orc warriors
  A centaur (D:11)
  3 wights (D:9)
  2 howler monkeys (D:11)
  2 orc priests (D:9)
  3 orc wizards
  15 orcs
  A training dummy (D:10)
46 creatures vanquished.

Vanquished Creatures (others)
  A spectral cyclops (D:13)
  A spectral rust devil (D:11)
  A vampire mosquito zombie (D:10)
  A wyvern zombie (D:9)
  A yak zombie (D:8)
  3 centaur zombies
  An acid dragon zombie (D:11)
  2 howler monkey zombies (D:10)
  A gnoll zombie (D:8)
  3 kobold zombies (D:11)
  10 orc zombies
25 creatures vanquished.

Grand Total: 324 creatures vanquished

Notes
Turn   | Place    | Note
-------+----------+-------------------------------------------
     0 | D:1      | Bnni the Formicid Fighter began the quest for the Orb.
     0 | D:1      | Reached XP level 1. HP: 18/18 MP: 1/1
    50 | D:1      | Reached XP level 2. HP: 24/24 MP: 2/2
   375 | D:1      | Reached XP level 3. HP: 30/30 MP: 3/3
   394 | D:1      | Found a faded altar of an unknown god.
   410 | D:1      | Reached skill level 3 in Polearms
  1161 | D:2      | Reached XP level 4. HP: 37/37 MP: 4/4
  1712 | D:3      | Reached skill level 4 in Polearms
  1712 | D:3      | Reached XP level 5. HP: 40/43 MP: 5/5
  2080 | D:3      | Noticed Terence
  2097 | D:3      | Reached XP level 6. HP: 16/49 MP: 6/6
  2105 | D:3      | Killed Terence
  2106 | D:3      | Reached skill level 5 in Fighting
  2106 | D:3      | Reached skill level 5 in Polearms
  2779 | D:4      | Reached XP level 7. HP: 26/56 MP: 7/7
  2784 | D:4      | Reached skill level 6 in Polearms
  3110 | D:4      | Noticed Eustachio
  3132 | D:4      | Killed Eustachio
  3133 | D:4      | Reached skill level 7 in Polearms
  3133 | D:4      | Reached XP level 8. HP: 58/65 MP: 8/8
  3326 | D:4      | Found a shimmering blue altar of Sif Muna.
  3369 | D:4      | Found a blossoming altar of Fedhas.
  3727 | D:5      | Entered Level 5 of the Dungeon
  3901 | D:5      | Noticed Pikel
  3933 | D:5      | Killed Pikel
  3934 | D:5      | Reached skill level 8 in Polearms
  3986 | D:5      | Reached XP level 9. HP: 64/72 MP: 9/9
  4228 | D:5      | Reached skill level 9 in Polearms
  4327 | D:5      | Noticed Ijyb
  4337 | D:5      | Killed Ijyb
  4583 | D:5      | Found a snail-covered altar of Cheibriados.
  4585 | D:5      | Identified the +8 long sword of Symmetry {holy, Str+3}
  4700 | D:6      | Noticed Blork the orc
  4713 | D:6      | Killed Blork the orc
  4861 | D:6      | Found a broken altar of Ashenzari.
  4863 | D:6      | Identified the amulet "Bohawki" {rElec Regen+}
  5410 | D:7      | Reached skill level 10 in Polearms
  5583 | D:7      | Found a radiant altar of Vehumet.
  5700 | D:7      | Found a sacrificial altar of Ru.
  5720 | D:7      | Found a staircase to the Ecumenical Temple.
  5731 | Temple   | Entered the Ecumenical Temple
  5742 | Temple   | Became a worshipper of Yredelemnul the Dark
  5883 | D:7      | Found a white marble altar of Elyvilon.
  6031 | D:7      | Found an ornate altar of the Wu Jian Council.
  6072 | D:7      | Reached skill level 1 in Invocations
  6172 | D:8      | Reached XP level 10. HP: 60/82 MP: 11/11
  6176 | D:8      | Reached * piety under Yredelemnul
  6182 | D:8      | Noticed a lindwurm
  6282 | D:8      | Noticed a lindwurm
  6284 | D:8      | Noticed a lindwurm
  6476 | D:8      | Reached skill level 11 in Polearms
  6604 | D:8      | Reached ** piety under Yredelemnul
  6655 | D:8      | Found a glowing silver altar of Zin.
  6661 | D:8      | Reached *** piety under Yredelemnul
  6732 | D:8      | Noticed a lindwurm
  6974 | D:9      | Noticed Maggie
  7023 | D:8      | Killed Maggie
  7340 | D:9      | Noticed an ice statue
  7345 | D:9      | Reached skill level 5 in Invocations
  7390 | D:9      | Found an opulent altar of Gozag.
  7421 | D:9      | Noticed a brown ugly thing
  7433 | D:9      | Killed a brown ugly thing
  7434 | D:9      | Reached skill level 10 in Fighting
  7434 | D:9      | Reached skill level 12 in Polearms
  7457 | D:9      | Reached XP level 11. HP: 54/90 MP: 11/15
  7519 | D:9      | Found a staircase to the Lair.
  7567 | D:9      | Reached **** piety under Yredelemnul
  7754 | D:10     | Entered Level 10 of the Dungeon
  7858 | D:10     | Found Epnext's Firing Range.
  7991 | D:10     | Reached skill level 13 in Polearms
  8196 | D:10     | Noticed a two-headed ogre
  8205 | D:10     | Killed a two-headed ogre
  8274 | D:10     | Noticed a two-headed ogre
  8285 | D:10     | Killed a two-headed ogre
  8611 | D:11     | Noticed a soul eater
  8897 | D:11     | Reached XP level 12. HP: 85/100 MP: 16/18
  8979 | D:11     | Noticed Sonja
  8986 | D:11     | Killed Sonja
  8991 | D:11     | Reached ***** piety under Yredelemnul
  9007 | D:11     | Noticed a two-headed ogre
  9014 | D:11     | Killed a two-headed ogre
  9015 | D:11     | Reached skill level 14 in Polearms
  9289 | D:11     | Reached ****** piety under Yredelemnul
  9381 | D:11     | Noticed a two-headed ogre
  9382 | D:11     | Found a staircase to the Orcish Mines.
  9390 | D:11     | Killed a two-headed ogre
 10381 | D:12     | Noticed a skeletal warrior
 10394 | D:12     | Killed a skeletal warrior
 10397 | D:12     | Noticed a skeletal warrior
 10398 | D:12     | Noticed a skeletal warrior
 10403 | D:12     | Killed a skeletal warrior
 10404 | D:12     | Reached skill level 15 in Polearms
 10411 | D:12     | Killed a skeletal warrior
 10451 | D:12     | Found a shimmering blue altar of Sif Muna.
 10592 | D:12     | Noticed Fannar
 10592 | D:12     | Noticed Maurice
 10599 | D:12     | Killed Maurice
 10616 | D:12     | Killed Fannar
 10617 | D:12     | Reached skill level 10 in Invocations
 10617 | D:12     | Reached XP level 13. HP: 100/109 MP: 20/20
 11000 | D:13     | Noticed a vault guard
 11012 | D:13     | Killed a vault guard
 11022 | D:13     | Found a gate to the Vaults.
 11022 | D:13     | Noticed Rupert
 11040 | D:13     | Annihilated by Rupert

Illustrated notes

Levels and vault maps discovered:
D:1:      dpeg_arrival_court, layout_basic, ebering_ecumenical_altar_mist
D:2:      layout_loops_ring, wad_woods_river_04
D:3:      layout_basic, minmay_misc_feat_nine_boxes, serial_park_tiny_2,
          uniq_terence
D:4:      layout_loops_ring, kennysheep_mini, fedhas_altar_fruit_tree,
          minmay_manual_mess, uniq_eustachio
D:5:      layout_loops_cross, mainiacjoe_overflow_alcove_2, uniq_ijyb,
          uniq_pikel
D:6:      layout_loops_ring, evilmike_ruin_ashenzari, hangedman_decor_points,
          nicolae_grassy_gnolls, uniq_blork_the_orc
D:7:      layout_basic, mainiacjoe_overflow_six_doors_small,
          mainiacjoe_overflow_big_doors, mainiacjoe_overflow_alcove_4,
          minmay_temple_entry_wispy
D:8:      layout_cave_pools, lemuel_doored_altar, hangedman_decor_push,
          minmay_lindwurm_lava
D:9:      layout_roguey, nicolae_gozag_cash_rules_everything_around_me,
          erik_lair_orcish_takeover, minivault_15, uniq_maggie
D:10:     layout_loops_ring, nicolae_shop_firing_range
D:11:     layout_loops_corners, david_orc_5, nicolae_neqoxec_dot_bat, uniq_sonja
D:12:     layout_roguey, kennysheep_orc_sif_temple, uniq_fannar, uniq_maurice
D:13:     layout_grid_maze, erik_vaults_1, small_statue_intersection,
          kennysheep_nub, uniq_rupert
Temple:   pdpol_scorched_temple

Skill      XL: |  1  2  3  4  5  6  7  8  9 10 11 12 |
---------------+-------------------------------------+-----
Polearms       | 3 4 5 7 8 10 12 13 15 | 15.5
Fighting       | 4 5 6 7 8 10 11 12 | 12.6
Invocations    | 2 5 8 10 | 10.2
Armour         | |  3.2
Shields        | |  4.0

Action                     |  1- 3 |  4- 6 |  7- 9 | 10-12 | 13-15 || total
---------------------------+-------+-------+-------+-------+-------++-------
  Melee: Trident           |   120 |   136 |    17 |       |       ||   273
         Spear             |       |       |   362 |   230 |       ||   592
         Dagger            |       |       |       |    23 |       ||    23
         Halberd           |       |       |       |   290 |    35 ||   325
  Throw: Boomerang         |       |       |     3 |       |       ||     3
         Dart              |       |       |       |     4 |     6 ||    10
 Invoke: Recall Undead Har |       |       |       |    15 |     1 ||    16
         Dark Bargain      |       |       |       |     9 |     1 ||    10
         Bind Soul         |       |       |       |     2 |       ||     2
Ability: Dig               |       |       |     1 |       |       ||     1
  Evoke: Wand              |       |       |       |     9 |     1 ||    10
         Phantom mirror    |       |       |       |       |     1 ||     1
    Use: Potion            |       |     1 |       |     5 |     2 ||     8
         Scroll            |       |       |     9 |     1 |       ||    10
   Stab: Paralysed         |       |       |       |    11 |       ||    11
         Distracted        |       |       |       |     7 |       ||     7
 Armour: Scale mail        |    67 |    38 |       |       |       ||   105
         Chain mail        |       |    52 |   172 |   297 |    33 ||   554
  Dodge: Dodged            |    43 |    48 |    92 |   139 |     8 ||   330
  Block: Buckler           |    26 |    24 |    50 |    87 |     4 ||   191

Table legend: (Time is in decaauts)
 A = Elapsed time spent in this place.
 B = Non-inter-level travel time spent in this place.
 C = Inter-level travel time spent in this place.
 D = Time resting spent in this place.
 E = Time spent auto-exploring this place.
 F = Levels seen in this place.
 G = Mean time per level.
                   A        B        C        D        E       F      G
               +--------+--------+--------+--------+--------+-----+--------+
         Total |  10794 |  10330 |    464 |   1050 |   6582 |  14 |  771.0 |
       Dungeon |  10748 |  10299 |    449 |   1050 |   6582 |  13 |  826.8 |
        Temple |     45 |     30 |     15 |      0 |      0 |   1 |   45.0 |
               +--------+--------+--------+--------+--------+-----+--------+

Top non-repeatable levels by time:
    D:11: 1677 daAuts
     D:3: 1117 daAuts
     D:4: 991 daAuts
     D:8: 937 daAuts
     D:5: 933 daAuts
     D:1: 884 daAuts
     D:2: 766 daAuts
    D:10: 705 daAuts
    D:12: 691 daAuts
     D:7: 671 daAuts
     D:6: 665 daAuts
     D:9: 560 daAuts
    D:13: 146 daAuts
  Temple: 45 daAuts
